 Dungeon Crawl Stone Soup version 0.26-a0-597-gb535b0901c (webtiles) character file.

Game seed: 3107208847069421006

571 vurker the Chiller (level 7, -4/45 HPs)
             Began as an Octopode Ice Elementalist on Sept 10, 2020.
             Killed by miscasting Summon Ice Beast (7 damage)
             ... on level 5 of the Dungeon.
             The game lasted 00:06:38 (4992 turns).

vurker the Chiller (Octopode Ice Elementalist)      Turns: 4992, Time: 00:06:39

Health: -4/45      AC:  1    Str:  7    XL:     7   Next: 34%
Magic:  12/22      EV: 13    Int: 19    God:
Gold:   245        SH:  0    Dex: 13    Spells: 2/14 levels left

rFire    . . .     SeeInvis .   d - +0 short sword (drain)
rCold    . . .     Faith    .   (no shield)
rNeg     . . .     Spirit   .   (helmet restricted)
rPois    .         Reflect  .   (no amulet)
rElec    .         Harm     .   j - ring of magical power
rCorr    .                      (no ring)
MR       .....                  (no ring)
Stlth    +++.......             (no ring)
HPRegen  0.15/turn              (no ring)
MPRegen  0.18/turn              (no ring)
                                (no ring)
                                (no ring)

@: very slightly contaminated
A: almost no armour, stealthy swim, amphibious, 8 rings, constrict 8, camouflage
1, gelatinous body 1
a: no special abilities


You were on level 5 of the Dungeon.
You visited 2 branches of the dungeon, and saw 6 of its levels.

You collected 245 gold pieces.

Inventory:

Hand Weapons
 d - a +0 short sword of draining (weapon)
   (You took it off a kobold on level 1 of the Dungeon)
 v - a +1 dagger of venom
   (You took it off a kobold on level 3 of the Dungeon)
Jewellery
 j - a ring of magical power (left tentacle)
   (You found it on level 2 of the Dungeon)
Scrolls
 e - 2 scrolls of remove curse
 o - a scroll of magic mapping
 r - a scroll of enchant weapon
Potions
 a - 2 potions of mutation {unknown}
 b - 2 potions of haste {unknown}
 c - 4 potions of curing
 f - 2 potions of heal wounds
 h - a potion of brilliance {unknown}
 k - a potion of cancellation {unknown}
 l - 2 potions of lignification {unknown}
 m - 2 potions of stabbing {unknown}
 n - 2 potions of magic {unknown}
 p - a potion of resistance {unknown}
 q - a potion of berserk rage {unknown}


   Skills:
 + Level 2.5 Fighting
 - Level 2.0 Dodging
 - Level 2.6 Stealth
 * Level 4.1 Spellcasting
 * Level 2.9 Conjurations
 * Level 1.8 Summonings
 * Level 5.8 Ice Magic


You had 2 spell levels left.
You knew the following spells:

 Your Spells              Type           Power        Failure   Level
a - Freeze                Ice            ####         1%          1
b - Frozen Ramparts       Ice            ####..       3%          3
c - Hailstorm             Conj/Ice       ###.....     22%         4
d - Summon Ice Beast      Ice/Summ       ###.....     28%         4

Your spell library contained the following spells:

 Spells                   Type           Power        Failure   Level
 Ensorcelled Hibernation  Hex/Ice        ###...       6%          2
 Ozocubu's Armour         Ice            ####....     3%          3


Dungeon Overview and Level Annotations

Branches:
Dungeon (5/15)             Temple (1/1) D:4

Altars:
Ashenzari
Cheibriados
Dithmenos
Elyvilon
Fedhas
Gozag
Makhleb
Nemelex Xobeh
Okawaru
Qazlal
Ru
Sif Muna
Trog
Xom
Yredelemnul
Zin
The Shining One


Innate Abilities, Weirdness & Mutations

You cannot wear most types of armour.
You are very stealthy in the water. (Stealth+)
You are amphibious.
You can wear up to eight rings at the same time.
You can use your tentacles to constrict eight enemies at once.
Your skin changes colour to match your surroundings (Stealth+).
Your rubbery body absorbs attacks. (AC +1, EV +1)


Message History

Your ice beast hits the ice beast.
Your ice beast freezes the ice beast.
The ice beast completely resists.
The ice beast barely misses your ice beast.
Your ice beast barely misses the ice beast.
You see here an adder skeleton.
Things that are here:
a +0 mace; a cursed +0 ring mail You see here a +0 leather armour.
The ice beast barely misses you.
Things that are here:
a +0 trident; a +0 chain mail Your ice beast hits the ice beast.
Your ice beast freezes the ice beast.
The ice beast completely resists.
Your ice beast hits the ice beast but does no damage.
You see here a mace.
There is a stone staircase leading up, spattered with blood here.
You climb upwards.
There is a stone staircase leading down here.
You start resting.
You start resting.
Unknown command.
Unknown command.
Your +1 dagger of venom stops dripping with poison.
You sense an unholy aura.
d - a +0 short sword of draining (weapon)
You climb downwards.
The ice beast closely misses you.
There is a stone staircase leading up, spattered with blood here.
The spell is quite dangerous to cast (28% risk of failure)!
Continue anyway?
A chill wind blows around you. The ice beast hits you.
The ice beast freezes you!
The spell is quite dangerous to cast (28% risk of failure)!
Continue anyway?
You miscast Summon Ice Beast.
You are very lightly contaminated with residual magic.
Heat is drained from your body! The ice beast hits you.
* * * LOW HITPOINT WARNING * * *
The ice beast freezes you!
* * * LOW HITPOINT WARNING * * *
You barely miss the ice beast. The ice beast hits you.
* * * LOW HITPOINT WARNING * * *
The ice beast freezes you!
* * * LOW HITPOINT WARNING * * *
Your ice beast hits the ice beast but does no damage.
Your ice beast hits the ice beast.
Your ice beast freezes the ice beast.
The ice beast completely resists.
The ice beast barely misses you.
You aren't carrying any items that you can evoke.
Unknown command.
The spell is quite dangerous to cast (28% risk of failure)!
Continue anyway?
You miscast Summon Ice Beast.
You are covered in a thin layer of ice!
You die...

### #.# #.# ### ##.##
######.### #...#
.........######.@.#
.รท.........##.....#
###
................Y.#
##.#
................Y##
##.##
.####......).....#
##.## ##
###..........###
##.##
##...........###
##..#
#.............###..##
##................##


You could see an ice beast and a friendly ice beast (summoned).

Vanquished Creatures
  A nameless horror (D:5)
  A gnoll sergeant (D:5)
  2 scorpions
  2 hounds
  An orc wizard (D:5)
  Jessica (D:2)
  A worker ant (D:4)
  12 adders
  6 gnolls (D:5)
  2 shadow imps
  An adder skeleton (D:4)
  A worm (D:4)
  3 dart slugs (D:1)
  2 leopard geckos
  4 orcs (D:5)
  7 bats
  2 giant cockroaches
  8 goblins
  4 hobgoblins
  9 kobolds
  4 quokkas
  A ball python (D:4)
  5 frilled lizards
  A leopard gecko skeleton (D:5)
  8 rats
89 creatures vanquished.

Notes
Turn   | Place    | Note
-------+----------+-------------------------------------------
     0 | D:1      | vurker the Octopode Ice Elementalist began the quest for
                  | the Orb.
     0 | D:1      | Reached XP level 1. HP: 11/11 MP: 3/3
   314 | D:1      | Reached XP level 2. HP: 12/18 MP: 1/5
   963 | D:1      | Reached XP level 3. HP: 22/22 MP: 6/6
   968 | D:1      | Learned a level 3 spell: Frozen Ramparts
   982 | D:1      | Reached skill level 1 in Fighting
  1541 | D:2      | Reached XP level 4. HP: 28/28 MP: 8/8
  1594 | D:2      | Learned a level 4 spell: Hailstorm
  1729 | D:2      | Noticed Jessica
  1736 | D:2      | Killed Jessica
  1839 | D:2      | Identified Jessica's Papyrus of Curses
  2160 | D:3      | Reached XP level 5. HP: 33/33 MP: 9/9
  2294 | D:3      | Reached skill level 1 in Conjurations
  2625 | D:4      | Reached skill level 5 in Ice Magic
  2833 | D:4      | Reached XP level 6. HP: 31/39 MP: 11/11
  2912 | D:4      | Learned a level 4 spell: Summon Ice Beast
  3054 | D:4      | Found a staircase to the Ecumenical Temple.
  3068 | Temple   | Entered the Ecumenical Temple
  3484 | D:5      | Entered Level 5 of the Dungeon
  3502 | D:5      | Reached skill level 1 in Summonings
  4052 | D:5      | Found an opulent altar of Gozag.
  4237 | D:5      | Reached XP level 7. HP: 11/45 MP: 12/12
  4689 | D:5      | Noticed a nameless horror
  4695 | D:5      | HP: 2/45 [nameless horror[miscasting Summon Ice Beast] (5)]
  4696 | D:5      | Killed a nameless horror
  4982 | D:5      | HP: 2/45 [ice beast (8)]
  4992 | D:5      | Killed by miscasting Summon Ice Beast

Illustrated notes

Levels and vault maps discovered:
D:1:      ncdulo_smallfort, layout_basic
D:2:      layout_basic, kennysheep_jessica_study
D:3:      layout_rooms
D:4:      layout_rooms, minmay_temple_entry_trees, minmay_strange_pillars
D:5:      layout_layer_cave, grunt_gozag_breadcrumbs
Temple:   minmay_crystal_spiral_temple

Skill      XL: |  1  2  3  4  5  6  7 |
---------------+----------------------+-----
Fighting       | 1 2 |  2.5
Spellcasting   | 3 4 |  4.1
Conjurations   | 1 2 |  2.9
Ice Magic      | 5 |  5.8
Summonings     | 1 |  1.8
Dodging        | |  2.0
Stealth        | |  2.6

Action                   |  1- 3 |  4- 6 |  7- 9 || total
-------------------------+-------+-------+-------++-------
Melee: Unarmed           |     4 |       |       ||     4
       Short sword       |    41 |    36 |     1 ||    78
       Constrict         |    12 |    25 |       ||    37
       Tentacles         |       |    20 |     2 ||    22
       Dagger            |       |    51 |    10 ||    61
 Cast: Freeze            |    14 |     6 |     2 ||    22
       Frozen Ramparts   |     2 |     3 |     4 ||     9
       Summon Ice Beast  |       |       |     2 ||     2
  Use: Scroll            |       |    10 |       ||    10
 Stab: Sleeping          |    10 |    16 |       ||    26
Armor: Skin              |     6 |     4 |     1 ||    11
Dodge: Dodged            |    29 |    55 |    16 ||   100

Table legend: (Time is in decaauts)
 A = Elapsed time spent in this place.
 B = Non-inter-level travel time spent in this place.
 C = Inter-level travel time spent in this place.
 D = Time resting spent in this place.
 E = Time spent auto-exploring this place.
 F = Levels seen in this place.
 G = Mean time per level.
                   A        B        C        D        E       F      G
               +--------+--------+--------+--------+--------+-----+--------+
         Total |   5000 |   4747 |    253 |    498 |   3509 |   6 |  833.3 |
       Dungeon |   4832 |   4662 |    170 |    498 |   3426 |   5 |  966.4 |
        Temple |    167 |     84 |     83 |      0 |     83 |   1 |  167.0 |
               +--------+--------+--------+--------+--------+-----+--------+

Top non-repeatable levels by time:
     D:4: 1275 daAuts
     D:1: 1129 daAuts
     D:5: 935 daAuts
     D:2: 873 daAuts
     D:3: 617 daAuts
  Temple: 167 daAuts
